 Dungeon Crawl Stone Soup version 0.19.0-18-g426998a (webtiles) character file.

7003 SirGodfroy the Spear-Bearer (level 10, -3/78 HPs)
             Began as a Demigod Skald on Nov 12, 2016.
             Slain by a yak (11 damage)
             ... on level 9 of the Dungeon.
             The game lasted 00:33:04 (10473 turns).

SirGodfroy the Spear-Bearer (Demigod Skald)        Turns: 10473, Time: 00:33:05

Health: -3/78      AC:  8    Str: 15    XL:     10   Next: 52%
Magic:  6/20       EV: 19    Int: 16    God:
Gold:   303        SH:  0    Dex: 21    Spells: 5 memorised, 7 levels left

rFire  + . .     SeeInvis .     a - +2 spear
rCold  + . .     Gourm    .     k - +0 leather armour
rNeg   . . .     Faith    .     (no shield)
rPois  +         Spirit   .     (no helmet)
rElec  +         Reflect  .     g - +0 cloak
rCorr  +         Harm     .     q - +1 pair of gloves
MR     +....                    z - +1 pair of boots
Stlth  ++........               (no amulet)
                                A - +1 ring of slaying
                                t - +3 ring of evasion

@: resistant
A: high mp 1
a: no special abilities


You were on level 9 of the Dungeon.
You were hungry.

You visited 2 branches of the dungeon, and saw 10 of its levels.

You collected 333 gold pieces.
You spent 30 gold pieces at shops.

Inventory:

Hand Weapons
 a - a +2 spear (weapon)
Armour
 g - a +0 cloak (worn)
 k - a +0 leather armour (worn)
 q - a +1 pair of gloves (worn)
 z - a +1 pair of boots (worn)
Jewellery
 t - a +3 ring of evasion (left hand)
 A - a +1 ring of slaying (right hand)
Wands
 f - a wand of iceblast (6/15)
Scrolls
 e - 2 scrolls of amnesia
 h - 3 scrolls of remove curse
 i - 3 scrolls of fog
 j - 7 scrolls of identify
 l - a scroll of teleportation
 n - a scroll of blinking
 x - a scroll of fear {unknown}
 y - a scroll of enchant armour
Potions
 b - a potion of cure mutation
 s - 3 potions of curing
Books
 c - a book of Battle

   Spells                             Type                      Level
   a - Infusion                       Charms                       1
   b - Shroud of Golubria             Charms/Translocation         2
   c - Song of Slaying                Charms                       2
   d - Spectral Weapon                Hexes/Charms                 3
   e - Regeneration                   Charms/Necromancy            3
 E - a book of Misfortune

   Spells                             Type                      Level
   a - Confusing Touch                Hexes                        1
   b - Confuse                        Hexes                        3
   c - Gell's Gravitas                Hexes/Translocation          3
   d - Petrify                        Transmutation/Earth          4
   e - Metabolic Englaciation         Hexes/Ice                    5
   f - Yara's Violent Unravelling     Hexes/Transmutation          5
Comestibles
 d - 9 bread rations
 p - 6 meat rations
 r - 5 beef jerkies
 u - 8 slices of pizza
 w - 10 fruits
 B - a chunk of flesh


   Skills:
 - Level 3.7 Fighting
 + Level 9.8 Polearms
 - Level 0.8 Armour
 + Level 5.9 Dodging
 + Level 4.8 Spellcasting
 + Level 4.0 Hexes
 + Level 7.6 Charms


You had 7 spell levels left.
You knew the following spells:

 Your Spells              Type           Power        Failure   Level  Hunger
a - Infusion              Chrm           ####         1%          1    None
b - Regeneration          Chrm/Necr      ###.......   12%         3    ###....
c - Spectral Weapon       Hex/Chrm       ###.....     6%          3    ###....
d - Confusing Touch       Hex            ###...       4%          1    None
e - Confuse               Hex            ###.....     12%         3    ###....


Dungeon Overview and Level Annotations

Branches:
Dungeon (9/15)             Temple (1/1) D:4
   Lair: D:8-11         Orc: D:9-12

Shops:
D:4 *   D:6 *   D:7 *


Innate Abilities, Weirdness & Mutations

You have an increased reservoir of magic. (+10% MP)


Message History

The yak completely misses you.
You hit the yak but do no damage.
The yak is severely wounded.
The yak gores you but does no damage.
You hit the yak.
The yak is severely wounded.
You are feeling hungry.
You hit the yak but do no damage.
The yak is severely wounded.
You feel less woody.
Your +0 cloak unmelds from your body.
Your +1 pair of gloves unmelds from your body.
Your +1 pair of boots unmelds from your body.
Your +0 leather armour unmelds from your body.
The yak gores you!
* * * LOW HITPOINT WARNING * * *
It was a potion of resistance.
You feel protected. The yak gores you!
You die...

.####.
..................#
# ##..............
#.####.#+##..###....
#............## ...
##+######.........
.. #... #(.....####
. ..... #...(..#
....Yr###......#
....YlY@..........
....rY########.###
....o .# .... # ...
.. .


You could see 4 yaks, a basilisk, 2 river rats and an orc.

Vanquished Creatures
  Joseph (D:7)
  Grinder (D:3)
  A hippogriff (D:8)
  A hungry ghost (D:8)
  A human (D:7)
  4 hogs (D:7)
  Grum (D:8)
  2 basilisks (D:9)
  5 yaks (D:9)
  Edmund (D:4)
  Duvessa (D:7)
  2 porcupines (D:9)
  3 orc warriors
  3 phantoms
  A sky beast (D:9)
  A necrophage (D:7)
  5 ogres
  2 black bears
  4 wolves (D:8)
  3 centaurs
  Blork the orc (D:4)
  6 bullfrogs
  Dowan (D:7)
  3 scorpions
  A killer bee (D:7)
  4 wights (D:8)
  2 centaur zombies
  3 bullfrog zombies
  4 crimson imps
  A quasit (D:7)
  A hound (D:8)
  2 jellies (D:8)
  4 orc priests
  A bullfrog skeleton (D:6)
  Ijyb (D:2)
  2 iguanas
  8 orc wizards
  6 worker ants
  A killer bee zombie (D:8)
  A howler monkey zombie (D:5)
  6 gnolls
  A river rat (D:9)
  8 adders
  2 shadow imps
  2 adder skeletons
  A worm (D:4)
  5 dart slugs
  2 leopard geckos
  22 orcs
  5 bats
  3 giant cockroaches
  7 goblins
  6 hobgoblins
  6 jackals
  3 kobolds (D:1)
  3 quokkas
  2 ball pythons
  A jackal skeleton (D:5)
  A leopard gecko skeleton (D:4)
  A leopard gecko zombie (D:5)
  A quokka skeleton (D:7)
  4 rats
188 creatures vanquished.

Vanquished Creatures (others)
  2 bushes (D:9)
  A fungus (D:9)
  5 plants (D:9)
  4 spectral weapons
12 creatures vanquished.

Grand Total: 200 creatures vanquished

Notes
Turn   | Place    | Note
-------+----------+-------------------------------------------
     0 | D:1      | SirGodfroy the Demigod Skald began the quest for the Orb.
     0 | D:1      | Reached XP level 1. HP: 17/17 MP: 5/5
   581 | D:1      | Reached XP level 2. HP: 22/24 MP: 2/7
  1101 | D:2      | Noticed Ijyb
  1124 | D:2      | Killed Ijyb
  1124 | D:2      | Reached skill level 2 in Polearms
  1124 | D:2      | Reached skill level 1 in Dodging
  1124 | D:2      | Reached XP level 3. HP: 21/29 MP: 1/8
  1466 | D:2      | Found a hazy altar of Hepliaklqana.
  1469 | D:2      | Found an ancient bone altar of Kikubaaqudgha.
  1469 | D:2      | Found a shimmering altar of Xom.
  1565 | D:2      | Reached XP level 4. HP: 34/36 MP: 10/10
  1767 | D:2      | You fall through a shaft!
  1842 | D:3      | Found a snail-covered altar of Cheibriados.
  1960 | D:3      | Noticed Grinder
  1968 | D:3      | Paralysed by Grinder for 6 turns
  1978 | D:3      | Killed Grinder
  1978 | D:3      | Reached skill level 3 in Polearms
  1978 | D:3      | Reached XP level 5. HP: 5/42 MP: 3/12
  2260 | D:3      | Found a shadowy altar of Dithmenos.
  2267 | D:3      | Learned a level 3 spell: Regeneration
  2271 | D:3      | Learned a level 3 spell: Spectral Weapon
  2778 | D:4      | Noticed an ogre
  2781 | D:4      | Noticed Blork the orc
  2789 | D:4      | Killed an ogre
  2789 | D:4      | Reached skill level 4 in Polearms
  2789 | D:4      | Reached XP level 6. HP: 39/50 MP: 7/13
  2797 | D:4      | Killed Blork the orc
  3159 | D:5      | Entered Level 5 of the Dungeon
  3286 | D:4      | Reached XP level 7. HP: 33/57 MP: 1/15
  3485 | D:4      | Found Nenkuwn's General Store.
  3485 | D:4      | Found a staircase to the Ecumenical Temple.
  3487 | D:4      | Noticed Edmund
  3761 | D:4      | Killed Edmund
  3761 | D:4      | Reached skill level 1 in Hexes
  3866 | D:4      | Reached skill level 5 in Polearms
  4049 | D:4      | Bought a scroll of remove curse for 30 gold pieces
  4147 | Temple   | Entered the Ecumenical Temple
  4374 | D:4      | Found a sparkling altar of Nemelex Xobeh.
  4599 | D:5      | Found a stormy altar of Qazlal.
  4977 | D:5      | Reached XP level 8. HP: 66/66 MP: 9/17
  5509 | D:6      | Learned a level 1 spell: Confusing Touch
  5511 | D:6      | Found a burning altar of Makhleb.
  5540 | D:6      | Reached skill level 6 in Polearms
  5870 | D:6      | Reached skill level 5 in Charms
  6023 | D:6      | Found Fanimium's General Store.
  6094 | D:6      | Found a sacrificial altar of Ru.
  6417 | D:6      | Found an opulent altar of Gozag.
  6417 | D:6      | Found a glowing silver altar of Zin.
  6657 | D:7      | Noticed Dowan
  6657 | D:7      | Noticed Duvessa
  6670 | D:7      | Killed Duvessa
  6670 | D:7      | Reached skill level 7 in Polearms
  6677 | D:7      | Killed Dowan
  7147 | D:7      | Found Ynguis's Assorted Antiques.
  7190 | D:7      | Reached XP level 9. HP: 25/71 MP: 10/18
  7546 | D:7      | Noticed Joseph
  7564 | D:7      | Killed Joseph
  7890 | D:7      | Found a shattered altar of Ashenzari.
  7999 | D:7      | Reached skill level 8 in Polearms
  8200 | D:7      | Reached skill level 5 in Dodging
  8474 | D:7      | Found an ancient bone altar of Kikubaaqudgha.
  8798 | D:7      | Learned a level 3 spell: Confuse
  9158 | D:8      | Reached XP level 10. HP: 41/78 MP: 6/19
  9534 | D:8      | Reached skill level 9 in Polearms
  9696 | D:8      | Noticed Grum
  9718 | D:8      | Killed Grum
 10285 | D:9      | Gained mutation: You have sharp fingernails. [mutagenic meat]
 10286 | D:9      | Gained mutation: You are clumsy. (Dex -2) [mutagenic meat]
 10287 | D:9      | Lost mutation: You are clumsy. (Dex -2) [mutagenic meat]
 10288 | D:9      | Gained mutation: Your spells are a little easier to cast, but a little less powerful. [mutagenic meat]
 10289 | D:9      | Gained mutation: Your muscles are strong. (Str +2) [mutagenic meat]
 10290 | D:9      | Lost mutation: Your spells are a little easier to cast, but a little less powerful. [mutagenic meat]
 10384 | D:9      | Lost mutation: Your muscles are strong. (Str +2) [potion of cure mutation]
 10384 | D:9      | Lost mutation: You have sharp fingernails. [potion of cure mutation]
 10473 | D:9      | Slain by a yak

Skill      XL: |  1  2  3  4  5  6  7  8  9 10 |
---------------+-------------------------------+-----
Fighting       | 2 3 |  3.7
Charms         | 3 4 5 7 |  7.6
Spellcasting   | 2 3 4 |  4.8
Polearms       | 2 3 4 5 7 8 9 |  9.8
Dodging        | 1 2 3 4 5 |  5.9
Hexes          | 1 3 4 |  4.0
Armour         | |  0.8

Action                   |  1- 3 |  4- 6 |  7- 9 | 10-12 || total
-------------------------+-------+-------+-------+-------++-------
Melee: Spear             |    84 |   121 |   641 |   234 ||  1080
 Cast: Infusion          |    12 |     7 |    31 |     7 ||    57
       Spectral Weapon   |       |     4 |    29 |    11 ||    44
       Regeneration      |       |     1 |     2 |     1 ||     4
       Confusing Touch   |       |       |     1 |       ||     1
       Confuse           |       |       |       |     1 ||     1
  Use: Potion            |       |     1 |     8 |     5 ||    14
       Scroll            |       |       |    11 |       ||    11
 Stab: Distracted        |       |       |     6 |     2 ||     8
       Sleeping          |       |       |     3 |       ||     3
       Petrified         |       |       |       |     2 ||     2
       Confused          |       |       |       |     1 ||     1
  Eat: Chunk             |     2 |     4 |    21 |    11 ||    38
       Pizza             |       |     1 |     1 |       ||     2
       Beef jerky        |       |       |     1 |       ||     1
Armor: Leather armour    |    17 |     9 |    82 |    14 ||   122
       Skin              |       |       |       |    12 ||    12
Dodge: Dodged            |    36 |    54 |   404 |    84 ||   578
